PAA
MYRTLE BEACH MERMEN @ LANNISTER UNITED LIONHEARTS
08/29/2024
 
TOP OF THE 1ST
Myrtle Beach Mermen batting - Pitching for Lannister United Lionhearts : RHP Tom Rosas
Pitching: RHP Tom Rosas
Batting: LHB Sergio Rodríguez 0-0: Called Strike
0-1: Foul Ball, location: 2F
0-2: Ball
1-2: Strikes out swinging
Batting: RHB Sal Haynes 0-0: Called Strike
0-1: Ground out 6-3 (Groundball, 6)
Batting: RHB Sancho Romero 0-0: Ball
1-0: Ball
2-0: Ball
3-0: Called Strike
3-1: Base on Balls
Batting: RHB Jorge Reyes 0-0: Foul Ball, location: 2F
0-1: Ball
1-1: Foul Ball, location: 2F
1-2: Ball
2-2: Foul Ball, location: 2F
2-2: Reached on error, E5 (Groundball, 56)
Sancho Romero to second
Batting: LHB Ricardo Collazo 0-0: Fly out, F7 (Flyball, 7S)
Top of the 1st over - 0 run(s), 0 hit(s), 1 error(s), 2 left on base; Myrtle Beach 0 - Lannister United 0
BOTTOM OF THE 1ST
Lannister United Lionhearts batting - Pitching for Myrtle Beach Mermen : LHP Dan Crowder
Pitching: LHP Dan Crowder
Batting: RHB Javier Chávez 0-0: Called Strike
0-1: Ball
1-1: Ball
2-1: Ball
3-1: Called Strike
3-2: SINGLE (Groundball, 34S)
Batting: RHB Tomás Martínez 0-0: Fly out, F6 (Popup, 6)
Batting: RHB Ángel Arroyo 0-0: Ground out U3 (Groundball, 3S)
Javier Chávez to second
Batting: RHB Tony Martínez 0-0: Called Strike
0-1: Foul Ball, location: 2F
0-2: Strikes out swinging
Bottom of the 1st over - 0 run(s), 1 hit(s), 0 error(s), 1 left on base; Myrtle Beach 0 - Lannister United 0
TOP OF THE 2ND
Myrtle Beach Mermen batting - Pitching for Lannister United Lionhearts : RHP Tom Rosas
Batting: RHB Jimmy Dawson 0-0: Bunt missed!
0-1: Ball
1-1: Ball
2-1: Swinging Strike
2-2: Strikes out looking
Batting: RHB Javier Robles 0-0: Ball
1-0: Called Strike
1-1: Ball
2-1: Ball
3-1: Called Strike
3-2: Foul Ball, location: 2F
3-2: Strikes out looking
Batting: RHB Maikel Cobblepot 0-0: Fly out, F9 (Flyball, 89S)
Top of the 2nd over - 0 run(s), 0 hit(s), 0 error(s), 0 left on base; Myrtle Beach 0 - Lannister United 0
BOTTOM OF THE 2ND
Lannister United Lionhearts batting - Pitching for Myrtle Beach Mermen : LHP Dan Crowder
Batting: RHB Lloyd Walsh 0-0: Called Strike
0-1: Called Strike
0-2: Ball
1-2: Ground out 5-3 (Groundball, 5)
Batting: RHB Jeremy Christensen 0-0: Ground out 6-3 (Groundball, 6)
Batting: RHB Ron Morton 0-0: Ball
1-0: Called Strike
1-1: Ball
2-1: Fly out, F4 (Popup, 4D)
Bottom of the 2nd over - 0 run(s), 0 hit(s), 0 error(s), 0 left on base; Myrtle Beach 0 - Lannister United 0
TOP OF THE 3RD
Myrtle Beach Mermen batting - Pitching for Lannister United Lionhearts : RHP Tom Rosas
Batting: SHB David Vázquez 0-0: SINGLE (Line Drive, 4)
Batting: LHB Sergio Rodríguez 0-0: Fly out, F7 (Popup, 78S)
Batting: RHB Sal Haynes 0-0: Foul Ball, location: 2F
0-1: Foul Ball, location: 2F
0-2: Strikes out swinging
Batting: RHB Sancho Romero 0-0: Called Strike
0-1: SINGLE (Groundball, 34)
David Vázquez to second
Runner from 2nd tries for 3rd, SAFE, no throw or cutoff
Batting: RHB Jorge Reyes 0-0: Called Strike
0-1: Called Strike
0-2: SINGLE (Line Drive, 7LS)
David Vázquez scores
Sancho Romero to second
Batting: LHB Ricardo Collazo 0-0: Ball
1-0: Ball
2-0: Called Strike
2-1: Foul Ball, location: 2F
2-2: Ground out 4-3 (Groundball, 34)
Top of the 3rd over - 1 run(s), 3 hit(s), 0 error(s), 2 left on base; Myrtle Beach 1 - Lannister United 0
BOTTOM OF THE 3RD
Lannister United Lionhearts batting - Pitching for Myrtle Beach Mermen : LHP Dan Crowder
Batting: LHB José Vargas 0-0: Called Strike
0-1: Ball
1-1: Foul Ball, location: 2F
1-2: Ball
2-2: Foul Ball, location: 2F
2-2: Ball
3-2: SINGLE (Groundball, 34S)
Batting: RHB Jason Compton 0-0: Ball
1-0: Called Strike
1-1: Ball
2-1: Ball
3-1: Base on Balls
José Vargas to second
Batting: RHB Javier Chávez 0-0: Ball
1-0: Ball
2-0: Ball
3-0: Base on Balls
José Vargas to third
Jason Compton to second
Batting: RHB Tomás Martínez 0-0: Ball
1-0: Called Strike
1-1: Ball
2-1: Swinging Strike
2-2: Ball
3-2: Fly out, F6 (Popup, 6)
Batting: RHB Ángel Arroyo 0-0: Swinging Strike
0-1: Ball
1-1: Foul Ball, location: 2F
1-2: Strikes out swinging
Batting: RHB Tony Martínez 0-0: Called Strike
0-1: Called Strike
0-2: Ball
1-2: Foul Ball, location: 2F
1-2: Ball
2-2: Strikes out swinging
Bottom of the 3rd over - 0 run(s), 1 hit(s), 0 error(s), 3 left on base; Myrtle Beach 1 - Lannister United 0
TOP OF THE 4TH
Myrtle Beach Mermen batting - Pitching for Lannister United Lionhearts : RHP Tom Rosas
Batting: RHB Jimmy Dawson 0-0: Called Strike
0-1: Ball
1-1: Fly out, F9 (Popup, 4D)
Batting: RHB Javier Robles 0-0: Ball
1-0: Called Strike
1-1: Called Strike
1-2: Ball
2-2: Foul Ball, location: 2F
2-2: Ground out 1-3 (Groundball, 15)
Batting: RHB Maikel Cobblepot 0-0: Ground out 5-3 (Groundball, 5S)
Top of the 4th over - 0 run(s), 0 hit(s), 0 error(s), 0 left on base; Myrtle Beach 1 - Lannister United 0
BOTTOM OF THE 4TH
Lannister United Lionhearts batting - Pitching for Myrtle Beach Mermen : LHP Dan Crowder
Batting: RHB Lloyd Walsh 0-0: Called Strike
0-1: Ball
1-1: Ball
2-1: Foul Ball, location: 2F
2-2: Ball
3-2: Strikes out swinging
Batting: RHB Jeremy Christensen 0-0: Ball
1-0: Ground out 6-3 (Groundball, 6)
Batting: RHB Ron Morton 0-0: Ball
1-0: Ball
2-0: Ball
3-0: Called Strike
3-1: Base on Balls
Batting: LHB José Vargas 0-0: Ball
1-0: Foul Ball, location: 2F
1-1: Called Strike
1-2: Foul Ball, location: 2F
1-2: Fly out, F9 (Flyball, 9LM)
Bottom of the 4th over - 0 run(s), 0 hit(s), 0 error(s), 1 left on base; Myrtle Beach 1 - Lannister United 0
TOP OF THE 5TH
Myrtle Beach Mermen batting - Pitching for Lannister United Lionhearts : RHP Tom Rosas
Batting: SHB David Vázquez 0-0: Called Strike
0-1: Ball
1-1: Swinging Strike
1-2: Foul Ball, location: 2F
1-2: Foul Ball, location: 2F
1-2: Foul Ball, location: 2F
1-2: Ball
2-2: Strikes out looking
Batting: LHB Sergio Rodríguez 0-0: Called Strike
0-1: Ground out U3 (Groundball, 3)
Batting: RHB Sal Haynes 0-0: Ball
1-0: Foul Ball, location: 2F
1-1: Swinging Strike
1-2: Strikes out looking
Top of the 5th over - 0 run(s), 0 hit(s), 0 error(s), 0 left on base; Myrtle Beach 1 - Lannister United 0
BOTTOM OF THE 5TH
Lannister United Lionhearts batting - Pitching for Myrtle Beach Mermen : LHP Dan Crowder
Batting: RHB Jason Compton 0-0: Foul Ball, location: 2F
0-1: Ball
1-1: Called Strike
1-2: Strikes out swinging
Batting: RHB Javier Chávez 0-0: Ground out 5-3 (Groundball, 5L)
Batting: RHB Tomás Martínez 0-0: Called Strike
0-1: Ball
1-1: Ball
2-1: Foul Ball, location: 2F
2-2: Strikes out looking
Bottom of the 5th over - 0 run(s), 0 hit(s), 0 error(s), 0 left on base; Myrtle Beach 1 - Lannister United 0
TOP OF THE 6TH
Myrtle Beach Mermen batting - Pitching for Lannister United Lionhearts : RHP Tom Rosas
Batting: RHB Sancho Romero 0-0: Ball
1-0: Ball
2-0: Foul Ball, location: 2F
2-1: Ball
3-1: SINGLE (Flyball, 4MD)
Pitching: RHP Harry Mander
Batting: RHB Jorge Reyes 0-0: Fielders Choice at 2nd, 6-4 (Groundball, 6)
Batting: LHB Ricardo Collazo 0-0: Ball
1-0: Called Strike
1-1: Called Strike
1-2: Ball
2-2: Strikes out swinging
Batting: RHB Jimmy Dawson 0-0: Ball
1-0: Ball
2-0: SINGLE (Line Drive, 89S)
Jorge Reyes to second
Batting: RHB Javier Robles 0-0: Called Strike
0-1: Ball
1-1: Foul Ball, location: 2F
1-2: Foul Ball, location: 2F
1-2: SINGLE (Line Drive, 8LS)
Jorge Reyes to third
Jimmy Dawson to second
Runner from 3rd tries for Home, SAFE, no throw or cutoff
Batting: RHB Maikel Cobblepot 0-0: Called Strike
0-1: Ball
1-1: Ground out 5-3 (Groundball, 56S)
Top of the 6th over - 1 run(s), 3 hit(s), 0 error(s), 2 left on base; Myrtle Beach 2 - Lannister United 0
BOTTOM OF THE 6TH
Lannister United Lionhearts batting - Pitching for Myrtle Beach Mermen : LHP Dan Crowder
Batting: RHB Ángel Arroyo 0-0: Ball
1-0: Ball
2-0: Fly out, F9 (Flyball, 9D)
Batting: RHB Tony Martínez 0-0: Ground out 6-3 (Groundball, 6)
Batting: RHB Lloyd Walsh 0-0: Ball
1-0: Swinging Strike
1-1: Ball
2-1: Swinging Strike
2-2: Foul Ball, location: 2F
2-2: Ball
3-2: Strikes out swinging
Bottom of the 6th over - 0 run(s), 0 hit(s), 0 error(s), 0 left on base; Myrtle Beach 2 - Lannister United 0
TOP OF THE 7TH
Myrtle Beach Mermen batting - Pitching for Lannister United Lionhearts : RHP Harry Mander
Batting: SHB David Vázquez 0-0: Ball
1-0: SINGLE (Groundball, 6MD)
Batting: LHB Sergio Rodríguez 0-0: Sac Bunt - play at first, batter OUT! 1-3
David Vázquez to second
Batting: RHB Sal Haynes 0-0: Ball
1-0: Fly out, F3 (Popup, 3SF)
Batting: RHB Sancho Romero 0-0: Foul Ball, location: 2F
0-1: Ball
1-1: Swinging Strike
1-2: Foul Ball, location: 2F
1-2: Strikes out looking
Top of the 7th over - 0 run(s), 1 hit(s), 0 error(s), 1 left on base; Myrtle Beach 2 - Lannister United 0
BOTTOM OF THE 7TH
Lannister United Lionhearts batting - Pitching for Myrtle Beach Mermen : LHP Dan Crowder
Batting: RHB Jeremy Christensen 0-0: Called Strike
0-1: Ball
1-1: Ball
2-1: Ground out 6-3 (Groundball, 6)
Batting: RHB Ron Morton 0-0: Ball
1-0: Ball
2-0: Ball
3-0: Base on Balls
Batting: LHB José Vargas 0-0: Called Strike
0-1: Grounds into double play, 4-6-3 (Groundball, 4)
Bottom of the 7th over - 0 run(s), 0 hit(s), 0 error(s), 0 left on base; Myrtle Beach 2 - Lannister United 0
TOP OF THE 8TH
Myrtle Beach Mermen batting - Pitching for Lannister United Lionhearts : RHP Harry Mander
Batting: RHB Jorge Reyes 0-0: Ball
1-0: Swinging Strike
1-1: Called Strike
1-2: Strikes out swinging
Batting: LHB Ricardo Collazo 0-0: Ball
1-0: Foul Ball, location: 2F
1-1: Ball
2-1: Ball
3-1: Swinging Strike
3-2: Strikes out looking
Batting: RHB Jimmy Dawson 0-0: Ball
1-0: Fly out, F8 (Flyball, 8RM)
Top of the 8th over - 0 run(s), 0 hit(s), 0 error(s), 0 left on base; Myrtle Beach 2 - Lannister United 0
BOTTOM OF THE 8TH
Lannister United Lionhearts batting - Pitching for Myrtle Beach Mermen : LHP Dan Crowder
Batting: RHB Jason Compton 0-0: Called Strike
0-1: Ball
1-1: Foul Ball, location: 2F
1-2: Ball
2-2: Fly out, F8 (Flyball, 8RM)
Batting: RHB Javier Chávez 0-0: Ball
1-0: Ground out 6-3 (Groundball, 6M)
Batting: RHB Tomás Martínez 0-0: Ball
1-0: Ball
2-0: SINGLE (Groundball, 6MD)
Pitching: RHP Carl O'Malloy
Batting: RHB Ángel Arroyo 0-0: Foul Ball, location: 2F
0-1: Ball
Wild Pitch!
Tomás Martínez to second
1-1: Foul Ball, location: 2F
1-2: Foul Ball, location: 2F
1-2: Ball
2-2: Ball
3-2: Foul Ball, location: 2F
3-2: Ground out 5-3 (Groundball, 56)
Bottom of the 8th over - 0 run(s), 1 hit(s), 0 error(s), 1 left on base; Myrtle Beach 2 - Lannister United 0
TOP OF THE 9TH
Myrtle Beach Mermen batting - Pitching for Lannister United Lionhearts : RHP Harry Mander
Batting: RHB Javier Robles 0-0: Ball
1-0: Ball
2-0: Ball
3-0: Called Strike
3-1: SINGLE (Line Drive, 56D)
Batting: RHB Maikel Cobblepot 0-0: Ball
1-0: Ball
2-0: Fly out, F8 (Flyball, 8RS)
Batting: SHB David Vázquez 0-0: Ball
Pickoff Throw by Catcher to First - Error! E2
Javier Robles to second
1-0: Foul Ball, location: 2F
1-1: Ground out 4-3 (Groundball, 34)
Javier Robles to third
Batting: LHB Sergio Rodríguez 0-0: Called Strike
0-1: Foul Ball, location: 2F
0-2: Strikes out looking
Top of the 9th over - 0 run(s), 1 hit(s), 1 error(s), 1 left on base; Myrtle Beach 2 - Lannister United 0
BOTTOM OF THE 9TH
Lannister United Lionhearts batting - Pitching for Myrtle Beach Mermen : RHP Carl O'Malloy
Pitching: LHP Luis Vega
Batting: RHB Tony Martínez 0-0: Ball
1-0: Ball
2-0: Foul Ball, location: 2F
2-1: Called Strike
2-2: Strikes out swinging
Batting: RHB Lloyd Walsh 0-0: Foul Ball, location: 2F
0-1: Ball
1-1: Ball
2-1: Ground out 6-3 (Groundball, 6)
Batting: RHB Jeremy Christensen 0-0: SINGLE (Groundball, 56D)
Pinch Runner at 1st Sacha Nieuwenburg:
Pinch Hitting: RHB Bartolo Martínez 0-0: Ball
Pickoff Throw to First - Error! E1
Sacha Nieuwenburg to second
1-0: Called Strike
1-1: Ball
2-1: Ball
3-1: Foul Ball, location: 2F
3-2: Base on Balls
Batting: LHB José Vargas 0-0: Ball
1-0: Ground out 5-3 (Groundball, 56S)
Bottom of the 9th over - 0 run(s), 1 hit(s), 1 error(s), 2 left on base; Myrtle Beach 2 - Lannister United 0
This league is powered by Out of the Park Baseball, the baseball management simulation game for PC, Mac and Linux
Monday, October 3rd, 2016 - OOTP Baseball 16.9 Build 39